[Event "AUT-ch U16-Open 2025"]
[Site "Fuerstenfeld"]
[Date "2025.04.14"]
[Round "3.1"]
[White "Stickler, Florentin"]
[Black "Ortner, Sebastian"]
[Result "1-0"]
[Annotator "RC"]
[ECO "C76"]
[WhiteElo "2189"]
[BlackElo "1925"]
[PlyCount "113"]
[EventDate "2025.04.12"]
[EventType "swiss"]
[EventCountry "AUT"]
[SourceTitle "playchess.com"]
[Source "ChessBase"]
[SourceQuality "1"]
[TimeControl "5400+30"]

1. e4 e5 2. Nf3 Nc6 3. Bb5 a6 4. Ba4 d6 5. O-O Bd7 6. c3 g6 7. d4 Bg7 8. d5 Nce7 9. Bxd7+ Qxd7 10. c4 h6 11. Nc3 f5 12. Ne1 f4 13. Nd3 Nf6 14. c5 O-O 15. f3 Kh7 16. b4 g5 17. Qc2 h5 18. Bb2 Ng6 19. a4 g4 20. b5 gxf3 21. gxf3 Nh4 22. Nxf4 exf4 23. e5+ Kh8 24. exf6 Bxf6 25. Kh1 Be5 26. Ne4 Qf5 27. Qf2 Nxf3 28. Qxf3 Bxb2 29. Rab1 Bd4 30. cxd6 cxd6 31. Nxd6 Qh7 32. bxa6 bxa6 33. Ne4 Qf5 34. Rfd1 Be3 35. Nd6 Qg4 36. Qe4 f3 37. Qe5+ Qg7 38. Qxh5+ Kg8 39. Rg1 Bxg1 40. Rxg1 Qxg1+ 41. Kxg1 f2+ 42. Kf1 Ra7 43. Nf5 Rb7 44. Qg6+ Kh8 45. Nd6 Rg7 46. Qh5+ Kg8 47. Nf5 Rb7 48. Qg6+ Kh8 49. Qh6+ Kg8 50. Qe6+ Kh8 51. Qe4 Rh7 52. d6 Rhf7 53. Ne7 Rd8 54. Qe5+ Kh7 55. Qh5+ Kg7 56. Qg6+ Kf8 57. Qg8# 1-0

[Event "AUT-ch U16-Open 2025"]
[Site "Fuerstenfeld"]
[Date "2025.04.14"]
[Round "3.2"]
[White "Martinovic, David"]
[Black "Benedikt, Noah"]
[Result "0-1"]
[Annotator "RC"]
[ECO "C07"]
[WhiteElo "1968"]
[BlackElo "1976"]
[PlyCount "120"]
[EventDate "2025.04.12"]
[EventType "swiss"]
[EventCountry "AUT"]
[SourceTitle "playchess.com"]
[Source "ChessBase"]
[SourceQuality "1"]
[TimeControl "5400+30"]

1. e4 e6 2. d4 d5 3. Nd2 c5 4. exd5 Qxd5 5. Ngf3 cxd4 6. Bc4 Qd6 7. O-O Nf6 8. Nb3 a6 9. a4 Qc7 10. Qe2 Be7 11. Rd1 O-O 12. Rxd4 Nc6 13. Rh4 Nd5 14. Bxd5 exd5 15. Bg5 f6 16. Bf4 Qd8 17. Qd3 g6 18. Nfd4 Ne5 19. Qg3 f5 20. Rh3 Nc4 21. Re1 Bf6 22. Rh6 Bg7 23. Bg5 Qd6 24. Qxd6 Nxd6 25. Rh3 Ne4 26. Bc1 Bd7 27. Rd3 Rfe8 28. f3 Nd6 29. Rxe8+ Rxe8 30. Nc5 Bxa4 31. Bf4 Nb5 32. Nxb5 Bxb5 33. Rxd5 Bc6 34. Rd2 Bxb2 35. Kf2 g5 36. Bxg5 Bc1 37. Rd8 Bxg5 38. Rxe8+ Bxe8 39. Nxb7 Be7 40. Ke3 Kf7 41. g4 fxg4 42. fxg4 Bb4 43. Kd4 Ke7 44. Kc4 Bc6 45. Kxb4 Bxb7 46. Kc5 Kf6 47. Kb6 Bc8 48. h3 Kg5 49. c4 Kh4 50. Kc7 Be6 51. c5 Kxh3 52. g5 Kh4 53. Kd6 Bg4 54. g6 hxg6 55. c6 a5 56. Kc5 Bc8 57. Kb5 g5 58. Kxa5 g4 59. Kb6 g3 60. Kc7 Bg4 0-1

[Event "AUT-ch U16-Open 2025"]
[Site "Fuerstenfeld"]
[Date "2025.04.14"]
[Round "3.3"]
[White "Haselsberger, Armin"]
[Black "Squasi, Ernesto"]
[Result "1/2-1/2"]
[Annotator "RC"]
[ECO "D05"]
[WhiteElo "2004"]
[BlackElo "1904"]
[PlyCount "61"]
[EventDate "2025.04.12"]
[EventType "swiss"]
[EventCountry "AUT"]
[SourceTitle "playchess.com"]
[Source "ChessBase"]
[SourceQuality "1"]
[TimeControl "5400+30"]

1. d4 Nf6 2. Nf3 e6 3. e3 c5 4. Bd3 d5 5. b3 cxd4 6. exd4 Nc6 7. O-O Be7 8. Bb2 O-O 9. Nbd2 b6 10. a3 Bb7 11. Qe2 Rc8 12. Ne5 Qc7 13. f4 Nxe5 14. fxe5 Ne4 15. Nf3 b5 16. g3 Kh8 17. Kg2 a6 18. h4 f5 19. Rh1 f4 20. g4 Ng3 21. Qf2 Nxh1 22. Rxh1 Kg8 23. Ng5 Bxg5 24. hxg5 g6 25. Qh4 Qg7 26. Kf3 Rc7 27. Bc1 Rd7 28. Bd2 Rc7 29. Bb4 Rff7 30. Rh2 Rc8 31. Rh1 1/2-1/2

[Event "AUT-ch U16-Open 2025"]
[Site "Fuerstenfeld"]
[Date "2025.04.14"]
[Round "3.4"]
[White "Guba, Viktor"]
[Black "Prober, Raphael"]
[Result "0-1"]
[Annotator "RC"]
[ECO "B22"]
[WhiteElo "1931"]
[BlackElo "2131"]
[PlyCount "46"]
[EventDate "2025.04.12"]
[EventType "swiss"]
[EventCountry "AUT"]
[SourceTitle "playchess.com"]
[Source "ChessBase"]
[SourceQuality "1"]
[TimeControl "5400+30"]

1. e4 c5 2. c3 d5 3. exd5 Qxd5 4. d4 Bf5 5. Nf3 Nc6 6. Be3 cxd4 7. cxd4 Bxb1 8. Qxb1 e5 9. dxe5 Bb4+ 10. Bd2 Bxd2+ 11. Nxd2 O-O-O 12. Nc4 Nf6 13. Be2 Nd4 14. Ne3 Qa5+ 15. b4 Qxe5 16. Bd1 h5 17. O-O Ng4 18. Bxg4+ hxg4 19. Nxg4 Ne2+ 20. Kh1 Rxh2+ 21. Nxh2 Qxh2+ 22. Kxh2 Rh8+ 23. Qh7 Rxh7# 0-1

[Event "AUT-ch U16-Open 2025"]
[Site "Fuerstenfeld"]
[Date "2025.04.14"]
[Round "3.5"]
[White "Brown, Julian"]
[Black "Nicolussi, Hieronymus"]
[Result "0-1"]
[Annotator "RC"]
[ECO "C06"]
[WhiteElo "1873"]
[BlackElo "1999"]
[PlyCount "80"]
[EventDate "2025.04.12"]
[EventType "swiss"]
[EventCountry "AUT"]
[SourceTitle "playchess.com"]
[Source "ChessBase"]
[SourceQuality "1"]
[TimeControl "5400+30"]

1. e4 e6 2. d4 d5 3. Nd2 Nf6 4. e5 Nfd7 5. Bd3 c5 6. c3 b6 7. Ne2 Ba6 8. Bc2 Nc6 9. Nf3 cxd4 10. cxd4 Bb4+ 11. Bd2 Bxd2+ 12. Qxd2 Qe7 13. a3 Na5 14. b3 Rc8 15. O-O O-O 16. b4 Nc4 17. Qd3 f5 18. Rfc1 g5 19. h3 Rf7 20. g3 Nf8 21. a4 g4 22. hxg4 fxg4 23. Nh2 Qg5 24. b5 Bb7 25. Nf4 h5 26. Qe2 Rcc7 27. Bd3 Rxf4 28. gxf4 Qxf4 29. Bxc4 dxc4 30. Qe3 Qxe3 31. fxe3 g3 32. Nf1 h4 33. Re1 Nh7 34. Nd2 c3 35. Rec1 Ng5 36. e4 Rc8 37. Nf1 Bxe4 38. Ne3 h3 39. Ng4 Nf3+ 40. Kf1 Bd3# 0-1

[Event "AUT-ch U16-Open 2025"]
[Site "Fuerstenfeld"]
[Date "2025.04.14"]
[Round "3.6"]
[White "Pausweg, Daniel"]
[Black "Hellerschmid, Andreas"]
[Result "1-0"]
[Annotator "RC"]
[ECO "E09"]
[WhiteElo "2080"]
[BlackElo "1835"]
[PlyCount "107"]
[EventDate "2025.04.12"]
[EventType "swiss"]
[EventCountry "AUT"]
[SourceTitle "playchess.com"]
[Source "ChessBase"]
[SourceQuality "1"]
[TimeControl "5400+30"]

1. d4 Nf6 2. c4 e6 3. Nf3 d5 4. g3 Be7 5. Bg2 O-O 6. Nbd2 c6 7. O-O b6 8. b3 Bb7 9. Bb2 Nbd7 10. Qc2 dxc4 11. Nxc4 c5 12. Rad1 Qc8 13. dxc5 Bxc5 14. Qc1 Qc7 15. Qa1 Rac8 16. Rc1 Qd8 17. Rfd1 Qe7 18. a3 a5 19. h3 Rfd8 20. e3 Rc7 21. g4 Rdc8 22. Rd3 h5 23. g5 Ne8 24. h4 f6 25. Rcd1 e5 26. gxf6 gxf6 27. Ncxe5 Nxe5 28. Nxe5 Bxg2 29. Kxg2 fxe5 30. Bxe5 Rc6 31. Rd7 Qxh4 32. Bg3 Qe4+ 33. Kh2 Nf6 34. b4 Bf8 35. Qa2+ Kh8 36. Qf7 Ng4+ 37. Kh3 Qg6 38. Qd5 Bg7 39. Rh1 Rc2 40. Rf1 Nxe3 41. Rxg7 Qxg7 42. Qxh5+ Kg8 43. fxe3 Rf8 44. Qd5+ Rf7 45. Rg1 Rc8 46. Bh2 Qxg1 47. Bxg1 Rcf8 48. Bh2 Kh7 49. Qe4+ Rf5 50. Kg4 Kg6 51. Bf4 axb4 52. axb4 R8f7 53. Bg5 b5 54. Qe6+ 1-0

[Event "AUT-ch U16-Open 2025"]
[Site "Fuerstenfeld"]
[Date "2025.04.14"]
[Round "3.7"]
[White "Wu, Chenshan"]
[Black "Geworgyan, Derenick"]
[Result "1-0"]
[Annotator "RC"]
[ECO "E39"]
[WhiteElo "2011"]
[BlackElo "1657"]
[PlyCount "99"]
[EventDate "2025.04.12"]
[EventType "swiss"]
[EventCountry "AUT"]
[SourceTitle "playchess.com"]
[Source "ChessBase"]
[SourceQuality "1"]
[TimeControl "5400+30"]

1. d4 Nf6 2. c4 e6 3. Nc3 Bb4 4. Qc2 c5 5. dxc5 O-O 6. Bg5 Na6 7. a3 Bxc3+ 8. Qxc3 Nxc5 9. Bxf6 Qxf6 10. Qxf6 gxf6 11. b4 Na6 12. e3 b6 13. O-O-O Rd8 14. Nf3 Bb7 15. Be2 Nc7 16. Rd6 Kf8 17. Rhd1 Ke7 18. Kb2 Rac8 19. R6d2 d5 20. cxd5 Bxd5 21. g3 Ne8 22. Nd4 Nd6 23. Bd3 Be4 24. Bxe4 Nc4+ 25. Kb3 Nxd2+ 26. Rxd2 Kf8 27. Rc2 Kg7 28. b5 Kf8 29. Rxc8 Rxc8 30. Nc6 Rc7 31. Kc2 Ke8 32. Kd3 Kd7 33. Bxh7 f5 34. e4 fxe4+ 35. Bxe4 f5 36. Bf3 Kd6 37. Kd4 Rh7 38. h4 Rc7 39. a4 Rh7 40. Be2 Rg7 41. Bh5 Rh7 42. Bg6 Rg7 43. h5 a5 44. Ne5 Ke7 45. h6 Rg8 46. h7 Rd8+ 47. Ke3 Kf6 48. Nf7 Kxg6 49. Nxd8 Kxh7 50. Nxe6 1-0

[Event "AUT-ch U16-Open 2025"]
[Site "Fuerstenfeld"]
[Date "2025.04.14"]
[Round "3.8"]
[White "Gruenwald, Beat"]
[Black "Taizhanov, Aissultan"]
[Result "1-0"]
[Annotator "RC"]
[ECO "B32"]
[WhiteElo "1727"]
[BlackElo "1952"]
[PlyCount "47"]
[EventDate "2025.04.12"]
[EventType "swiss"]
[EventCountry "AUT"]
[SourceTitle "playchess.com"]
[Source "ChessBase"]
[SourceQuality "1"]
[TimeControl "5400+30"]

1. e4 c5 2. Nf3 Nc6 3. d4 cxd4 4. Nxd4 e5 5. Nb5 d6 6. N1c3 a6 7. Na3 Be6 8. Nc4 b5 9. Ne3 Nf6 10. Ned5 b4 11. Nxf6+ Qxf6 12. Nd5 Bxd5 13. Qxd5 Rc8 14. Bxa6 Rc7 15. Bb5 Kd7 16. Bd2 Be7 17. Bxb4 Rb8 18. Bxc6+ Rxc6 19. c3 Qf4 20. O-O h5 21. Qd3 g5 22. Qf3 Qd2 23. Rab1 Rc4 24. Qxf7 1-0